 Dungeon Crawl Stone Soup version 0.27-a0-906-g0a00ce863d (webtiles) character file.

Game seed: 8067121564201399021

851 EnegeticOcto the Skirmisher (level 8, 0/61 HPs)
             Began as a Djinni Earth Elementalist on Apr 7, 2021.
             Was a Follower of Makhleb.
             Slain by a bullfrog skeleton (7 damage)
             ... on level 6 of the Dungeon.
             The game lasted 00:08:58 (1383 turns).

EnegeticOcto the Skirmisher (DjEE)                  Turns: 1383, Time: 00:08:58

Health: 0/61       AC:  3    Str:  7    XL:     8   Next: 1%
Gold:   161        EV: 12    Int: 18    God:    Makhleb [*.....] SH:  0 Dex: 15

rFire    + + .     SeeInvis .   k - +2 whip (elec)
rCold    x . .     Faith    .   (no shield)
rNeg     . . .     Spirit   .   c - +0 robe
rPois    ∞         Reflect  .   (no helmet)
rElec    .         Harm     .   h - +0 cloak
rCorr    .         Rampage  .   (no gloves)
Will     .....                  (boots unavailable)
Stlth    ++........             (no amulet)
HPRegen  0.20/turn              e - ring of wizardry
MPRegen  0.00/turn              (no ring)

@: flying
A: fire resistance 2, cold vulnerability 1, float, innate caster, hp casting,
extra vitality 1
a: Renounce Religion


You were on level 6 of the Dungeon.
You worshipped Makhleb.
Makhleb was aware of your devotion.
You visited 2 branches of the dungeon, and saw 7 of its levels.

You collected 161 gold pieces.

Inventory:

Hand Weapons
 g - a +0 war axe
   (You took it off an orc on level 4 of the Dungeon)
 k - a +2 whip of electrocution (weapon)
   (You took it off a gnoll on level 5 of the Dungeon)
Missiles
 b - 9 stones
Armour
 c - a +0 robe (worn)
 h - a +0 cloak (worn)
   (You found it on level 4 of the Dungeon)
Jewellery
 e - a ring of wizardry (left hand)
   (You found it on level 1 of the Dungeon)
Wands
 l - a wand of digging (4) {@v3}
   (You found it on level 5 of the Dungeon)
Scrolls
 i - a scroll of noise {unknown}
Potions
 a - a potion of curing {@q1 !q}
 f - a potion of lignification {unknown}
 j - a potion of flight {unknown}


   Skills:
 + Level 5.9 Fighting
 - Level 2.1 Dodging
 - Level 1.5 Stealth
 + Level 5.9 Spellcasting


You couldn't memorise any spells.
You knew the following spells:

 Your Spells              Type           Power      Damage    Failure   Level
a - Sandblast             Erth           52%        2d12      1%          1
b - Stone Arrow           Conj/Erth      52%        3d10      1%          3
c - Petrify               Tmut/Erth      26%        N/A       4%          4
d - Lee's Rapid Deconstr  Erth           13%        3d10*     12%         5
e - Magic Dart            Conj           100%       1d8       1%          1
f - Wereblood             Tmut           26%        N/A       1%          2
g - Spider Form           Tmut/Pois      13%        N/A       1%          3
p - Passwall              Tmut/Erth      21%        N/A       1%          2
Your spell library was empty.

Dungeon Overview and Level Annotations

Branches:
Dungeon (6/15)             Temple (1/1) D:4

Altars:
Ashenzari
Cheibriados
Dithmenos
Elyvilon
Fedhas
Gozag
Hepliaklqana
Kikubaaqudgha
Makhleb
Nemelex Xobeh
Okawaru
Trog
Vehumet
Wu Jian
Xom
Zin
The Shining One

Shops:
D:1 :

Annotations:
D:5 2 runed translucent doors


Innate Abilities, Weirdness & Mutations

You are immune to poison.
Your flesh is very heat resistant. (rF++)
You are vulnerable to cold. (rC-)
You float through the air rather than walking.
You learn spells naturally, not from books.
Your magical power is your life essence.
You have superior vitality. (+4 HP)


Message History

The water moccasin completely misses you.
Casting: Sandblast (safe; 1% risk of failure)
Confirm with . or Enter, or press ? or * to list all spells.
Aiming: Sandblast (safe; 1% risk of failure)
Press: ? - help, Shift-Dir - straight line, f/p - centaur skeleton
Aim: a centaur skeleton (almost destroyed, 0% to evade)
The blast of sand misses the water moccasin.
The blast of sand hits the centaur skeleton!
You destroy the centaur skeleton!
Makhleb accepts your kill. The water moccasin barely misses you.
Casting: Sandblast (safe; 1% risk of failure)
Confirm with . or Enter, or press ? or * to list all spells.
Aiming: Sandblast (safe; 1% risk of failure)
Press: ? - help, Shift-Dir - straight line, f - water moccasin
Aim: a water moccasin (32% to evade)
The blast of sand hits the water moccasin!
The water moccasin is heavily wounded.
The water moccasin barely misses you. The water moccasin bites you.
* * * LOW HITPOINT WARNING * * *
The water moccasin bites you but does no damage.
Really quaff
d - a potion of heal wounds {@q2 !q}?
You feel much better. The water moccasin barely misses you.
The water moccasin closely misses you.
Casting: Sandblast (safe; 1% risk of failure)
Confirm with . or Enter, or press ? or * to list all spells.
Aiming: Sandblast (safe; 1% risk of failure)
Press: ? - help, Shift-Dir - straight line, f/p - water moccasin
Aim: a water moccasin (heavily wounded, 32% to evade)
The blast of sand hits the water moccasin!
The water moccasin is almost dead.
The water moccasin bites you. x2
Casting: Sandblast (safe; 1% risk of failure)
Confirm with . or Enter, or press ? or * to list all spells.
Aiming: Sandblast (safe; 1% risk of failure)
Press: ? - help, Shift-Dir - straight line, f/p - water moccasin
Aim: a water moccasin (almost dead, 32% to evade)
The blast of sand hits the water moccasin!
You kill the water moccasin!
Makhleb accepts your kill.
Unknown command.
Casting: Sandblast (safe; 1% risk of failure)
Confirm with . or Enter, or press ? or * to list all spells.
Aiming: Petrify (dangerous; 4% risk of failure)
Press: ? - help, Shift-Dir - straight line, f - orc warrior
Aim: an orc warrior, wielding a +0 hand axe and wearing a +0 chain mail (chance to affect: 55%)
The orc warrior is moving more slowly.
The orc warrior misses you.
The orc warrior stops moving altogether!
Casting: Petrify (dangerous; 4% risk of failure)
Confirm with . or Enter, or press ? or * to list all spells.
The spell is quite dangerous to cast (12% risk of failure)!
Continue anyway?
Aiming: Lee's Rapid Deconstruction (quite dangerous; 12% risk of failure)
Press: ? - help, Dir - move target, f/p - orc warrior Fragment what (e.g. wall or brittle monster)?: an orc warrior, wielding a +0 hand axe and wearing a +0 chain mail (petrified)
The orc warrior shatters!
The orc warrior is moderately wounded.
The blast of petrified fragments hits the orc.
The orc is almost dead.
The blast of petrified fragments hits something!!
Makhleb accepts your kill.
Reactivating autopickup.
You feel a bit more experienced.
* * * LOW HITPOINT WARNING * * *
You have reached level 8!
You feel agile.
Casting: Lee's Rapid Deconstruction (quite dangerous; 12% risk of failure)
Confirm with . or Enter, or press ? or * to list all spells.
Aiming: Stone Arrow (safe; 1% risk of failure)
Press: ? - help, Shift-Dir - straight line, f/p - orc warrior
Aim: an orc warrior, wielding a +0 hand axe and wearing a +0 chain mail (moderately wounded, petrified, 0% to evade)
The stone arrow hits the orc warrior!
The orc warrior is heavily wounded.
* * * LOW HITPOINT WARNING * * *
Casting: Stone Arrow (safe; 1% risk of failure)
Confirm with . or Enter, or press ? or * to list all spells.
Aiming: Stone Arrow (safe; 1% risk of failure)
Press: ? - help, Shift-Dir - straight line, f/p - orc warrior
Aim: an orc warrior, wielding a +0 hand axe and wearing a +0 chain mail (heavily wounded, petrified, 0% to evade)
The stone arrow hits the orc warrior!
The orc warrior is severely wounded.
* * * LOW HITPOINT WARNING * * *
Casting: Stone Arrow (safe; 1% risk of failure)
Confirm with . or Enter, or press ? or * to list all spells.
Aiming: Stone Arrow (safe; 1% risk of failure)
Press: ? - help, Shift-Dir - straight line, f/p - orc warrior
Aim: an orc warrior, wielding a +0 hand axe and wearing a +0 chain mail (severely wounded, petrified, 0% to evade)
The stone arrow hits the orc warrior!
The orc warrior is almost dead.
* * * LOW HITPOINT WARNING * * *
The helpless orc warrior fails to defend itself.
You hit the orc warrior but do no damage.
The orc warrior is almost dead.
The bullfrog skeleton hits you.
* * * LOW HITPOINT WARNING * * *
The helpless orc warrior fails to defend itself.
You hit the orc warrior but do no damage.
The orc warrior is almost dead.
The bullfrog skeleton hits you!
You die...

#......... #.........#
##.........# ..........#
.# #### ### #.........#
.......##.. #.........#
.... .....# #......$..#
..........# ###@........#
..###.###.####ooZ........#
..#.....#....oo##.......#.
..#.>...#.#######>.....##.
..).......###........##...
..#.....#...#.##.######Z..
..#.....#{..(.o..oZ#......
..###.###........{........
..........#.....##........


You could see an orc warrior (petrified), 3 orcs and a bullfrog skeleton.

Vanquished Creatures
  A water moccasin (D:6)
  2 ogres
  A centaur (D:6)
  A scorpion (D:5)
  2 gnoll shamans (D:5)
  An orc priest (D:4)
  4 hounds
  A centaur skeleton (D:6)
  2 orc wizards
  11 gnolls (D:5)
  An adder (D:4)
  12 orcs
  2 bats (D:2)
  3 giant cockroaches
  2 goblins
  2 hobgoblins
  2 jackals (D:5)
  2 ball pythons
  2 frilled lizards
  3 kobolds
  A rat (D:3)
58 creatures vanquished.

Notes
Turn   | Place    | Note
-------+----------+-------------------------------------------
     0 | D:1      | EnegeticOcto the Djinni Earth Elementalist began the quest
                  | for the Orb.
     0 | D:1      | Reached XP level 1. HP: 15/15 MP: 0/0
    13 | D:1      | Found Quubast's Book Shoppe.
    42 | D:1      | Reached skill level 3 in Spellcasting
    92 | D:2      | Reached XP level 2. HP: 13/21 MP: 0/0
   199 | D:2      | Found a faded altar of an unknown god.
   314 | D:3      | Reached skill level 1 in Fighting
   314 | D:3      | Reached XP level 3. HP: 13/28 MP: 0/0
   314 | D:3      | Learned a level 1 spell: Magic Dart
   411 | D:4      | Reached skill level 2 in Fighting
   411 | D:4      | Reached XP level 4. HP: 20/33 MP: 0/0
   488 | D:4      | Reached skill level 4 in Spellcasting
   488 | D:4      | Reached XP level 5. HP: 23/40 MP: 0/0
   488 | D:4      | Learned a level 2 spell: Wereblood
   547 | D:4      | Found a staircase to the Ecumenical Temple.
   563 | Temple   | Entered the Ecumenical Temple
   632 | Temple   | Became a worshipper of Makhleb the Destroyer
   687 | D:4      | Reached skill level 3 in Fighting
   730 | D:5      | Entered Level 5 of the Dungeon
   758 | D:5      | Reached XP level 6. HP: 28/46 MP: 0/0
   878 | D:5      | Reached skill level 4 in Fighting
  1013 | D:5      | Found a large runed translucent door.
  1013 | D:5      | Found a large runed translucent door.
  1023 | D:5      | Found a shimmering altar of Xom.
  1101 | D:5      | Reached skill level 5 in Spellcasting
  1101 | D:5      | Reached XP level 7. HP: 16/53 MP: 0/0
  1101 | D:5      | Learned a level 3 spell: Spider Form
  1322 | D:6      | Reached skill level 5 in Fighting
  1322 | D:6      | Reached * piety under Makhleb
  1377 | D:6      | Reached XP level 8. HP: 17/61 MP: 0/0
  1383 | D:6      | Slain by a bullfrog skeleton

Illustrated notes

Levels and vault maps discovered:
D:1:      co_arrival_square_in_a_square_in_a_square, layout_rooms, serial_shops,
          shop_statue
D:2:      minmay_diamond_boxcup, layout_basic, shapermc_ecumenical_altar_gd
D:3:      layout_basic
D:4:      layout_basic, minmay_temple_entry_statues,
          minmay_fractal_squares_gapless_5
D:5:      due_chaos_kobolds, layout_cave_pools, serial_gnoll_camp,
          gnoll_camp_mini_house, gnoll_camp_mini_basic, gnoll_camp_medium_02,
          gnoll_camp_mini_basic, grunt_ministairs_2, minmay_misc_feat_encased,
          uniq_prince_ribbit1
D:6:      layout_rooms, kennysheep_cross_bottleneck, st_stairs_3
Temple:   minmay_crystal_snake_temple

Skill      XL: |  1  2  3  4  5  6  7 |
---------------+----------------------+-----
Spellcasting   | 3 4 5 |  5.9
Fighting       | 1 2 3 4 5 |  5.9
Dodging        | |  2.1
Stealth        | |  1.5

Action                   |  1- 3 |  4- 6 |  7- 9 || total
-------------------------+-------+-------+-------++-------
Melee: Unarmed           |     1 |       |       ||     1
       Whip              |       |       |     2 ||     2
 Cast: Sandblast         |    22 |    47 |    15 ||    84
       Stone Arrow       |     1 |    15 |    12 ||    28
       Lee's Rapid Decon |       |       |     1 ||     1
       Petrify           |       |       |     1 ||     1
  Use: Potion            |       |     2 |     2 ||     4
 Stab: Petrified         |       |       |     2 ||     2
Armor: Robe              |     1 |     1 |     5 ||     7
Dodge: Dodged            |     4 |    12 |    20 ||    36

Table legend: (Time is in decaauts)
 A = Elapsed time spent in this place.
 B = Non-inter-level travel time spent in this place.
 C = Inter-level travel time spent in this place.
 D = Time resting spent in this place.
 E = Time spent auto-exploring this place.
 F = Levels seen in this place.
 G = Mean time per level.
                   A        B        C        D        E       F      G
               +--------+--------+--------+--------+--------+-----+--------+
         Total |   1449 |   1392 |     57 |      0 |      0 |   7 |  207.0 |
       Dungeon |   1346 |   1301 |     45 |      0 |      0 |   6 |  224.3 |
        Temple |    102 |     90 |     12 |      0 |      0 |   1 |  102.0 |
               +--------+--------+--------+--------+--------+-----+--------+

Top non-repeatable levels by time:
     D:5: 641 daAuts
     D:4: 270 daAuts
     D:3: 139 daAuts
     D:2: 137 daAuts
  Temple: 102 daAuts
     D:1: 80 daAuts
     D:6: 76 daAuts
